 Dungeon Crawl Stone Soup version 0.28.0 (webtiles) character file.

Game seed: 16110791385598376078

1003 Hasart the Chopper (level 7, 0/59 HPs)
             Began as a Demigod Fighter on Feb 16, 2022.
             Killed by divine providence
             ... invoked by an orc priest
              (11 damage)
             ... on level 5 of the Dungeon on Feb 17, 2022.
             The game lasted 00:10:54 (5904 turns).

Hasart the Chopper (Demigod Fighter)                Turns: 5904, Time: 00:10:55

Health: 0/59       AC:  7    Str: 25    XL:     7   Next: 68%
Magic:  9/9        EV: 10    Int: 10    God:
Gold:   165        SH:  5    Dex: 13    Spells: 6/6 levels left

rFire   . . .      SeeInvis .   a - +0 war axe
rCold   . . .      Faith    .   c - +0 buckler
rNeg    . . .      Spirit   .   b - +0 scale mail
rPois   .          Reflect  .   i - +0 hat {Will+}
rElec   .          Harm     .   (no cloak)
rCorr   .          Rampage  .   (no gloves)
Will    +....                   (no boots)
Stlth   ..........              (no amulet)
HPRegen 0.19/turn               (no ring)
MPRegen 0.11/turn               (no ring)

@: studying Summonings
A: high MP 1, forlorn, divine attributes
a: no special abilities


You were on level 5 of the Dungeon.
You visited 1 branch of the dungeon, and saw 5 of its levels.

You collected 165 gold pieces.

Inventory:

Hand Weapons
 a - a +0 war axe (weapon)
Missiles
 g - 14 poisoned darts (quivered)
Armour
 b - a +0 scale mail (worn)
 c - a +0 buckler (worn)
 i - a +0 hat of willpower (worn)
Jewellery
 o - a ring of magical power
 r - a +4 ring of protection
Scrolls
 f - a scroll of immolation
 m - a scroll of teleportation
Potions
 d - a potion of might
 e - 4 potions of heal wounds
 h - 2 potions of curing
 j - a potion of berserk rage {unknown}
 k - a potion of mutation {unknown}
 l - 2 potions of attraction
 s - 2 potions of magic {unknown}


   Skills:
 + Level 4.1 Fighting
 * Level 4.9 Axes
 + Level 2.9 Throwing
 + Level 4.1 Armour
 + Level 2.7 Dodging
 + Level 4.0 Shields


You had 6 spell levels left.
You didn't know any spells.
Your spell library contained the following spells:

 Spells                   Type           Power      Damage    Failure   Level
 Fireball                 Conj/Fire      0%         3d3       100%        5
 Iskenderun's Battlesphe  Conj           0%         2d6       100%        5
 Conjure Ball Lightning   Conj/Air       0%         3x3d6     100%        6
 Orb of Destruction       Conj           0%         9d5       100%        7


Dungeon Overview and Level Annotations

Branches:
Dungeon (5/15)             Temple (0/1) D:5

Annotations:
D:5 Grinder


Innate Abilities, Weirdness & Mutations

You have an increased reservoir of magic. (+10% MP)
You shall have no god before yourself.
Your divine heritage dramatically boosts your attributes as you level up.


Message History

The orc priest is severely wounded.
You slash the orc wizard!
You kill the orc wizard!
The orc priest barely misses you.
Unknown command.
You barely miss the orc priest.
The orc priest is severely wounded.
The orc priest mumbles some strange prayers to Beogh against you.
Pain shoots through your body!
Unknown command.
You closely miss the orc priest.
The orc priest is severely wounded.
The orc priest barely misses you. The orc priest hits you with a +0 mace!
Unknown command.
You barely miss the orc priest.
The orc priest is severely wounded.
The orc priest mumbles some strange prayers to Beogh against you.
You easily resist.
Unknown command.
You closely miss the orc priest.
The orc priest is severely wounded.
The orc priest closely misses you.
Unknown command.
You hit the orc priest.
The orc priest is almost dead.
The orc priest calls down the wrath of Beogh upon you.
Beogh smites you!
* * * LOW HITPOINT WARNING * * *
Unknown command.
You closely miss the orc priest.
The orc priest is almost dead.
The orc priest hits you with a +0 mace.
* * * LOW HITPOINT WARNING * * *
The orc priest hits you but does no damage.
Unknown command.
You barely miss the orc priest.
The orc priest is almost dead.
The orc priest mumbles some strange prayers to Beogh against you.
Beogh smites you!
You die...

.......<..##....######.....#
.##....#............#.......
##....#............#.......
#....##..###############).#
#....##..###...#### #..#
##...##....#..(....) ....
##...##....#..?..... #....
#.....'....#........ #....
#.....#..)@#........ #...>
######.######o##...≈≈≈..
##+##
##...##)######o##..≈≈§§≈.
#......)....#.....§§§§§≈≈
#...........#...o)§§≈>§§≈
#...[.......#.....≈≈≈≈§§≈
##..##..##..######o≈≈§≈≈.
##..##..##### ..§≈≈..
#....#..^# ...#...


You could see an orc priest and an orc.

Vanquished Creatures
  Sigmund (D:3)
  Eustachio (D:5)
  3 centaurs
  An ogre (D:4)
  Blork the orc (D:5)
  2 jellies (D:2)
  An orc priest (D:4)
  An orc wizard (D:5)
  An iguana (D:4)
  A hound zombie (D:5)
  4 adders
  3 gnolls
  An ufetubus (D:4)
  A dart slug (D:1)
  8 orcs
  5 bats
  17 endoplasms
  3 giant cockroaches (D:1)
  4 goblins
  8 hobgoblins
  14 kobolds
  2 quokkas
  3 ball pythons
  2 frilled lizards
  2 rats
90 creatures vanquished.

Vanquished Creatures (others)
  4 fungi (D:2)
  12 toadstools (D:2)
16 creatures vanquished.

Grand Total: 106 creatures vanquished

Notes
Turn   | Place    | Note
-------+----------+-------------------------------------------
     0 | D:1      | Hasart the Demigod Fighter began the quest for the Orb.
     0 | D:1      | Reached XP level 1. HP: 18/18 MP: 3/3
   268 | D:1      | Reached XP level 2. HP: 23/25 MP: 4/4
   910 | D:2      | Reached XP level 3. HP: 28/30 MP: 5/5
  1423 | D:2      | Reached skill level 1 in Throwing
  1697 | D:3      | Reached skill level 1 in Dodging
  2247 | D:3      | Reached XP level 4. HP: 38/38 MP: 6/6
  2708 | D:3      | Noticed Sigmund
  2735 | D:3      | HP: 1/38 [something/magic dart (4)]
  2740 | D:3      | HP: 1/38 [something/magic dart (6)]
  3301 | D:4      | Noticed a centaur
  3454 | D:4      | Noticed an ogre
  3463 | D:4      | Killed an ogre
  3464 | D:4      | Reached XP level 5. HP: 45/45 MP: 7/7
  3768 | D:4      | Killed a centaur
  3769 | D:4      | Reached XP level 6. HP: 14/51 MP: 8/8
  4361 | D:5      | Entered Level 5 of the Dungeon
  4364 | D:5      | Noticed Grinder
  4516 | D:2      | Identified a scroll of acquirement
  4516 | D:2      | Acquired a +0 hat of willpower
  5136 | D:3      | Killed Sigmund
  5137 | D:3      | Reached XP level 7. HP: 33/58 MP: 9/9
  5372 | D:5      | Noticed Eustachio
  5387 | D:5      | Killed Eustachio
  5588 | D:5      | Noticed Blork the orc
  5598 | D:5      | Killed Blork the orc
  5876 | D:5      | Found a staircase to the Ecumenical Temple.
  5904 | D:5      | Killed from afar by an orc priest

Illustrated notes

Levels and vault maps discovered:
D:1:      dpeg_arrival_rhombi, layout_basic, chequers_serial_rivers_small_a
D:2:      cheibrodos_fertilizer, layout_basic
D:3:      layout_basic, general_overflow_altar, shapermc_ecumenical_altar_venn,
          uniq_sigmund
D:4:      layout_cave_pools, hangedman_abyss_or_decor_stabs,
          minmay_crystal_water, roderic_serpentine_path,
          hangedman_abyss_or_decor_stagger, minmay_manual_mares
D:5:      layout_gridville, minmay_temple_entry_mist, uniq_blork_the_orc,
          uniq_grinder, uniq_eustachio, uniq_prince_ribbit1

Skill      XL: |  1  2  3  4  5  6  7 |
---------------+----------------------+-----
Axes           | 2 3 4 |  4.9
Throwing       | 1 2 |  2.9
Fighting       | 3 4 |  4.1
Armour         | 3 4 |  4.1
Dodging        | 1 2 |  2.7
Shields        | 3 4 |  4.0

Action                   |  1- 3 |  4- 6 |  7- 9 || total
-------------------------+-------+-------+-------++-------
Melee: War axe           |   145 |   104 |    56 ||   305
Throw: Dart              |       |    18 |     4 ||    22
  Use: Potion            |       |     2 |       ||     2
       Scroll            |       |     8 |       ||     8
Armor: Scale mail        |    79 |    45 |    19 ||   143
Dodge: Dodged            |    95 |    58 |    30 ||   183
Block: Buckler           |    24 |    29 |    17 ||    70
